 Dungeon Crawl Stone Soup version 0.30.1-3-gfc49f6343a (webtiles) character file.

Game seed: 2279534225387053477

417 shmup the Firebug (level 6, -3/32 HPs)
             Began as a Tengu Fire Elementalist on July 25, 2023.
             Slain by Edmund
             ... wielding a +1 flail of distortion
              (15 damage)
             ... on level 4 of the Dungeon.
             The game lasted 00:10:33 (3541 turns).

shmup the Firebug (Tengu Fire Elementalist)         Turns: 3541, Time: 00:10:33

Health: -3/32      AC:  2    Str:  9    XL:     6   Next: 92%
Magic:  0/10       EV: 14    Int: 17    God:
Gold:   208        SH:  0    Dex: 14    Spells: 3/9 levels left

rFire   . . .        o - +2 short sword (speed)
rCold   . . .        (no shield)
rNeg    . . .        a - +0 robe
rPois   .            (helmet restricted)
rElec   .            (no cloak)
rCorr   .            (no gloves)
SInv    .            (boots unavailable)
Will    .....        (no amulet)
Stlth   ++           (no ring)
HPRegen 0.25/turn    (no ring)
MPRegen 0.12/turn

%: no passive effects
@: about to teleport, flying quickly and evasively, quick
A: beak, talons 3, nimble flight
a: no special abilities


You were on level 4 of the Dungeon.
You visited 1 branch of the dungeon, and saw 4 of its levels.

You collected 208 gold pieces.

Inventory:

Hand Weapons
 o - a +2 short sword of speed (weapon)
Missiles
 h - 33 stones (quivered)
 i - 2 boomerangs
Armour
 a - a +0 robe (worn)
 d - a +0 buckler
Jewellery
 f - a +4 ring of protection
Scrolls
 c - 2 scrolls of teleportation
 e - a scroll of vulnerability
 g - a scroll of amnesia
 k - a scroll of brand weapon
 l - a scroll of noise {unknown}
 m - 2 scrolls of blinking {unknown}
 r - a scroll of magic mapping {unknown}
Potions
 b - a potion of magic
 j - 2 potions of ambrosia
 n - 2 potions of flight {unknown}
 p - 2 potions of curing
 q - a potion of mutation {unknown}


   Skills:
 + Level 0.0 Fighting
 + Level 2.1 Dodging
 - Level 2.0 Stealth
 - Level 2.0 Spellcasting
 + Level 5.2 Conjurations
 * Level 0.0 Hexes
 * Level 7.0 Fire Magic


You had 3 spell levels left.
You knew the following spells:

 Your Spells              Type           Power      Damage    Failure   Level
a - Foxfire               Conj/Fire      88%        2x1d8     1%          1
b - Scorch                Fire           50%        2d7       1%          2
c - Inner Flame           Hex/Fire       13%        N/A       14%         3

Your spell library contained the following spells:

 Spells                   Type           Power      Damage    Failure   Level
 Volatile Blastmotes      Fire/Tloc      26%        2d12      14%         3
 Necrotise                Necr           4%         1d4       19%         1
 Vampiric Draining        Necr           1%         2d6       50%         3
 Flame Wave               Conj/Fire      22%        2d8       16%         4
 Agony                    Necr           1%         N/A       99%         5


Dungeon Overview and Level Annotations

Branches:
Dungeon (4/15)
 Temple: D:4-7

Altars:

Annotations:
D:4 Edmund, Eustachio


Innate Abilities, Weirdness & Mutations

You have a beak for a mouth.
You have claws for feet.
Your magical nature lets you fly swiftly and evasively.


Message History

Eustachio the Magnificent comes into view.
He is wielding a +0 rapier.
Eustachio shouts!
Casting: Scorch (safe; 1% risk of failure)
Confirm with . or Enter, or press ? or * to list all spells.
Flames lash Eustachio.
Eustachio is lightly wounded.
Eustachio's fire resistance burns away.
Casting: Scorch (safe; 1% risk of failure)
Confirm with . or Enter, or press ? or * to list all spells.
Flames lash Eustachio.
Eustachio is burned terribly!
Eustachio is moderately wounded.
Eustachio mumbles some strange words.
Eustachio blinks!
Casting: Scorch (safe; 1% risk of failure)
Confirm with . or Enter, or press ? or * to list all spells.
Flames lash Eustachio.
Eustachio is burned terribly!
Eustachio is severely wounded.
Edmund the Younger comes into view.
He is wielding a +1 flail of distortion.
Eustachio gestures wildly while chanting.
Eustachio blinks!
Okay, then.
Unknown command.
Casting: Scorch (safe; 1% risk of failure)
Confirm with . or Enter, or press ? or * to list all spells.
Flames lash Edmund.
Edmund is moderately wounded.
Edmund's fire resistance burns away.
Casting: Scorch (safe; 1% risk of failure)
Confirm with . or Enter, or press ? or * to list all spells.
Flames lash Edmund.
Edmund is burned terribly!
Edmund is heavily wounded.
Edmund hits you with a +1 flail of distortion!
Space warps around you.
* * * LOW HITPOINT WARNING * * *
As you read the scroll of teleportation, it crumbles to dust.
You feel strangely unstable.
Edmund hits you with a +1 flail of distortion.
* * * LOW HITPOINT WARNING * * *
Space warps horribly around you!
You die...

▒▒▒▒▒▒▒▒▒
▒....(..▒
▒.......▒
▒▒▒▒▒▒▒......Q▒ .
...........#.@+
@..
.............@▒..▒
▒▒▒▒▒..........▒
▒.▒.....▒..▒
▒▒....▒.....▒ ▒▒▒
▒..▒.....▒.▒▒
▒▒▒.. ▒....▒▒▒...▒
▒▒.... ▒....▒
▒▒▒▒▒ ▒.....


You could see Edmund (combustible) and Eustachio (combustible).

Vanquished Creatures
  Grinder (D:4)
  A hound (D:3)
  2 orc priests (D:3)
  Terence (D:3)
  An orc wizard (D:3)
  3 adders
  A dart slug (D:1)
  10 orcs
  9 bats
  4 endoplasms
  3 giant cockroaches
  3 goblins
  6 hobgoblins
  5 kobolds
  4 quokkas
  6 ball pythons
  3 frilled lizards (D:3)
  3 rats
66 creatures vanquished.

Vanquished Creatures (others)
  127 foxfires
127 creatures vanquished.

Grand Total: 193 creatures vanquished

Notes
Turn   | Place    | Note
-------+----------+-------------------------------------------
     0 | D:1      | shmup the Tengu Fire Elementalist began the quest for the
                  | Orb.
     0 | D:1      | Reached XP level 1. HP: 10/10 MP: 4/4
   387 | D:1      | Reached XP level 2. HP: 15/15 MP: 1/6
   628 | D:1      | Reached skill level 4 in Fire Magic
   750 | D:1      | Learned a level 2 spell: Scorch
  1044 | D:2      | Reached XP level 3. HP: 19/19 MP: 5/7
  1728 | D:3      | Noticed Terence
  1883 | D:3      | Killed Terence
  1884 | D:3      | Reached XP level 4. HP: 17/24 MP: 1/8
  2142 | D:3      | Reached skill level 5 in Fire Magic
  2280 | D:3      | Gained mutation: Your magical nature lets you fly swiftly
                  | and evasively. [Tengu growth]
  2280 | D:3      | Reached XP level 5. HP: 28/28 MP: 9/9
  2294 | D:3      | Found a faded altar of an unknown god.
  2748 | D:3      | Reached skill level 6 in Fire Magic
  3227 | D:4      | Reached XP level 6. HP: 32/32 MP: 4/10
  3295 | D:4      | Noticed Grinder
  3321 | D:4      | Killed Grinder
  3322 | D:4      | Reached skill level 5 in Conjurations
  3322 | D:4      | Reached skill level 7 in Fire Magic
  3485 | D:4      | Learned a level 3 spell: Inner Flame
  3531 | D:4      | Noticed Eustachio
  3537 | D:4      | Noticed Edmund
  3541 | D:4      | Slain by Edmund

Illustrated notes

Levels and vault maps discovered:
D:1:      lightli_arrival_maybe_door_vault, layout_loops_ring
D:2:      layout_basic
D:3:      layout_basic, basic_ecumenical_altar, uniq_terence
D:4:      layout_basic, serial_curves, eino_curves_04, eino_curves_04,
          minmay_misc_feat_five, nrook_mini_backslash, uniq_eustachio,
          uniq_edmund, uniq_grinder

Skill      XL: |  1  2  3  4  5  6 |
---------------+-------------------+-----
Conjurations   | 2 3 4 5 |  5.2
Fire Magic     | 4 5 6 7 |  7.0
Dodging        | |  2.1
Stealth        | |  2.0
Spellcasting   | |  2.0

Action                     |  1- 3 |  4- 6 || total
---------------------------+-------+-------++-------
  Melee: Unarmed           |     6 |       ||     6
         Kick              |     1 |     4 ||     5
         Peck              |     1 |     2 ||     3
         Short sword       |     1 |    13 ||    14
         Punch             |       |     1 ||     1
   Cast: Foxfire           |    47 |    28 ||    75
         Scorch            |    10 |    27 ||    37
    Use: Scroll            |     4 |     3 ||     7
 Armour: Robe              |     7 |     2 ||     9
  Dodge: Dodged            |    23 |    17 ||    40
